Map: Pillars of Gold LE

Players

ByuN

  • Race: Terran Terran
  • Spawn Location: 7:00

Serral - Winner!

  • Race: Zerg Zerg
  • Spawn Location: 1:00

Event: ASUS ROG Online 2020

VOD

Have the link to the VOD?

Description

Time

  • Played on: Nov. 29, 2020, 10:44 a.m.
  • Length: 19:33

All games in this series

Show
View Real Time Build Order
Export as new Build Order

ByuN Terran 

Build Orders: Hellion Opening 

Get SALT Encoding   

  12  0:00  SCV  
  13  0:12  SCV  
  14  0:18  Supply Depot  
  14  0:24  SCV  
  15  0:29  Refinery  
  15  0:39  SCV  
  16  0:45  Barracks  
  16  0:51  SCV  
  17  1:03  SCV  
  18  1:15  SCV  
  19  1:32  Barracks Reactor, Orbital Command  
  19  1:44  Command Center  
  19  1:55  Factory  
  19  1:59  SCV  
  20  2:08  Marine x2  
  20  2:11  Supply Depot  
  20  2:14  SCV  
  23  2:33  SCV, Marine x2  
  26  2:39  Starport  
  26  2:45  SCV  
  26  2:46  Refinery  
  27  2:56  Hellion x2  
  27  2:57  SCV  
  32  3:01  Orbital Command  
  32  3:03  Marine  
  33  3:09  SCV  
  34  3:16  Medivac  
  38  3:22  Hellion x2  
  38  3:24  Marine  
  41  3:32  Armory  
  41  3:43  Hellion x2  
  41  3:45  Supply Depot  
  45  3:51  Starport Tech Lab, SCV  
  46  4:07  Hellion, SCV x2  
  50  4:10  Hellion  
  52  4:19  SCV x2  
  54  4:29  Marine  
  51  4:31  SCV x2  
  51  4:41  Hellion  
  51  4:43  SCV  
  54  4:45  SCV  
  51  4:55  SCV  
  51  4:57  SCV  
  53  5:03  Supply Depot  
  53  5:04  Raven  
  53  5:08  SCV  
  53  5:09  Barracks Tech Lab, Command Center  
  53  5:10  Supply Depot  
  54  5:17  Factory Reactor  
  54  5:24  Barracks, SCV x2  
  56  5:32  Barracks  
  56  5:35  Marine  
  56  5:36  Stimpack, SCV x2  
  56  5:39  Hellion x6  
  56  5:42  Engineering Bay  
  59  5:44  Engineering Bay  
  59  5:48  SCV x2  
  61  5:50  Raven  
  63  5:58  Refinery  
  63  5:59  Refinery  
  63  6:00  Factory Reactor  
  63  6:01  SCV x2  
  65  6:04  Marine  
  65  6:10  Supply Depot  
  65  6:11  Terran Infantry Armor Level 1, Terran Infantry Weapons Level 1  
  66  6:12  Marine x2  
  66  6:13  SCV x2  
  70  6:22  Orbital Command  
  70  6:25  SCV x2  
  72  6:27  Marine  
  72  6:30  Marine x2  
  75  6:37  SCV x2  
  75  6:38  Marine x2  
  79  6:44  Supply Depot, Factory Reactor  
  79  6:47  Marine  
  79  6:48  Marine x2  
  79  6:49  SCV x2  
  79  6:50  Medivac x2  
  88  6:56  Marine  
  88  6:58  Marine  
  90  7:01  SCV x2  
  90  7:05  Marine  
  90  7:06  Marine x2  
  95  7:09  Supply Depot  
  95  7:11  Supply Depot  
  95  7:13  SCV x2  
  95  7:14  Marine  
  98  7:16  Marine  
  98  7:18  Orbital Command  
  99  7:23  Combat Shield, Marine x2  
  99  7:29  Barracks  
  101  7:30  Barracks, Marine  
  101  7:32  Marine  
  101  7:34  Widow Mine x2, Marine  
  101  7:35  SCV x2  
  110  7:40  Marine  
  110  7:41  Marine  
  110  7:43  Supply Depot  
  112  7:47  SCV x2  
  112  7:48  Marine  
  112  7:49  Marine  
  116  7:54  Marine  
  117  8:05  SCV x3, Marine x2  
  122  8:06  Marine  
  122  8:07  Marine  
  124  8:14  Marine  
  124  8:18  Supply Depot  
  125  8:20  Supply Depot  
  125  8:21  Terran Infantry Weapons Level 2  
  125  8:22  Supply Depot  
  125  8:23  Terran Infantry Armor Level 2  
  125  8:25  Widow Mine x2, SCV x2, Marine x2  
  133  8:32  Supply Depot x2  
  133  8:35  Barracks Reactor  
  133  8:37  Barracks Reactor  
  133  8:40  Factory, SCV x3, Refinery, Marine x2  
  138  8:42  Marine x3  
  141  8:49  Widow Mine x2  
  138  8:57  Marine  
  138  9:00  Medivac x2  
  132  9:06  Marauder, Marine x2  
  132  9:07  Command Center  
  136  9:11  Sensor Tower, Widow Mine x2  
  136  9:15  Marine  
  136  9:16  Marine x4  
  143  9:28  Marauder  
  143  9:29  Marine x3  
  144  9:32  Widow Mine x2  
  144  9:34  Factory Tech Lab  
  144  9:36  Marine  
  144  9:37  Marine x4  
  153  9:47  Marine x3  
  153  9:48  Concussive Shells  
  153  9:49  Marauder  
  153  9:50  Medivac  
  160  9:54  Medivac, Marine x3  
  160  9:55  Marine x2  
  167  10:00  Drilling Claws, Widow Mine  
  167  10:04  Marine  
  167  10:05  Marine x2  
  172  10:07  Barracks  
  172  10:08  Barracks  
  172  10:09  Barracks  
  172  10:14  Marauder  
  171  10:16  Widow Mine x2  
  168  10:22  Widow Mine  
  168  10:23  Marine x6  
  168  10:24  Marine x2  
  168  10:26  Terran Vehicle And Ship Armor Level 1  
  178  10:34  Medivac x2  
  182  10:37  Widow Mine  
  178  10:44  Marine x7  
  178  10:45  Marauder  
  187  10:51  Terran Infantry Weapons Level 3  
  187  10:58  Barracks Tech Lab x2  
  186  11:05  Widow Mine, Marine  
  186  11:06  Widow Mine  
  188  11:11  Marine x2  
  188  11:13  Planetary Fortress  
  188  11:18  Supply Depot, Marauder  
  188  11:20  Marine x2  
  188  11:21  Marine  
  188  11:22  Marine x2  
  188  11:23  Marine  
  188  11:25  Widow Mine  
  188  11:27  Widow Mine  
  188  11:29  Marauder  
  188  11:39  Marine x6  
  196  11:40  Marauder, Terran Infantry Armor Level 3  
  196  11:45  Marauder  
  198  11:50  Marine x3  
  198  11:51  Marine  
  196  11:57  Marine  
  196  11:58  Marauder  
  199  12:08  Widow Mine  
  193  12:19  Medivac, Widow Mine  
  193  12:20  Widow Mine  
  193  12:22  Medivac, Command Center  
  171  12:23  Marine  
  171  12:24  Command Center, Marine x4  
  171  12:25  Marine  
  171  12:28  Marauder, Marine  
  182  12:30  Widow Mine  
  182  12:32  Marauder x2  
  186  12:47  Marauder, Marine  
  186  12:48  Marine x4  
  186  12:49  Medivac, Marauder  
  185  12:54  Marauder  
  185  12:56  Widow Mine x2  
  185  12:57  Widow Mine  
  189  13:03  Marauder  
  189  13:05  Medivac  
  193  13:09  Marauder  
  193  13:10  Marauder, Marine x2  
  199  13:17  Widow Mine  
  199  13:18  Medivac, Widow Mine x2  
  177  13:28  Marauder  
  177  13:29  Marauder, Marine x2  
  177  13:30  Marine x4  
  177  13:31  Marine  
  177  13:32  Marine x3  
  167  13:34  Orbital Command  
  167  13:35  Medivac  
  167  13:39  Widow Mine x3  
  175  13:47  Marine x2  
  175  13:48  Medivac, Marine x4  
  178  13:50  Marauder x4  
  178  13:52  SCV x4  
  195  14:00  Widow Mine x2  
  198  14:06  Widow Mine  
  197  14:19  Marauder  
  197  14:23  Marine  
  200  14:29  Planetary Fortress  
  198  14:32  Widow Mine  
  198  14:36  Command Center  
  200  14:39  Sensor Tower  
  200  14:48  Ghost Academy  
  200  14:59  Marauder x3, Marine x2  
  199  15:04  Widow Mine  
  199  15:07  Marauder  
  190  15:08  Marine x2  
  182  15:14  Medivac x2  
  182  15:15  Widow Mine, Marine  
  182  15:20  Marauder  
  182  15:21  Marauder x2  
  184  15:23  Marine x2  
  184  15:28  Marauder, Marine  
  162  15:30  Marine x2  
  162  15:32  Widow Mine x2, Marine  
  162  15:33  Marine x2  
  154  15:36  Widow Mine  
  154  15:41  Marine  
  154  15:42  Marauder x3  
  152  15:43  Marine  
  152  15:46  Marine  
  152  15:47  Marine  
  152  15:48  Marine  
  152  15:49  Marauder  
  148  15:51  Marine  
  148  15:52  Marine x2  
  148  15:53  Widow Mine x2  
  157  15:57  Liberator  
  157  15:58  Liberator, Widow Mine  
  157  15:59  Marine  
  157  16:01  Marine  
  157  16:03  Marauder x3, Marine  
  172  16:05  Marine x2  
  172  16:09  Marine  
  172  16:10  Marine x2  
  172  16:11  Marauder  
  179  16:14  Widow Mine  
  179  16:15  Widow Mine  
  179  16:16  Marine  
  184  16:19  Marine  
  184  16:21  Marine  
  184  16:23  Marine x2  
  184  16:25  Marauder x3  
  194  16:27  Marine  
  194  16:29  Marine  
  194  16:31  Widow Mine  
  194  16:32  Marauder  
  200  16:36  Planetary Fortress  
  200  16:53  Marauder  
  187  16:55  Marauder  
  187  16:59  Widow Mine x2  
  177  17:02  Marauder x2, Marine x5  
  177  17:04  Widow Mine  
  182  17:15  Marauder  
  184  17:16  Marauder  
  184  17:20  Widow Mine x2  
  188  17:23  Marauder x2  
  188  17:25  Widow Mine  
  165  17:31  Marine x6  
  165  17:34  Marine  
  165  17:36  Marauder  
  162  17:38  Marauder  
  162  17:39  Marine  
  162  17:43  Widow Mine x2  
  156  17:45  Marauder x2  
  156  17:48  Marine  
  156  17:49  Marine x5  
  159  17:52  Widow Mine, Marine  
  159  17:57  Marine  
  159  17:58  Marauder  
  165  17:59  Marauder  
  165  18:02  Orbital Command  
  165  18:05  Widow Mine, Marine  
  169  18:06  Marine x3  
  169  18:07  Marine x4  
  169  18:09  Widow Mine, Marine  
  135  18:23  Widow Mine  
  135  18:24  Marauder x2  
  135  18:26  Widow Mine, Marine  
  135  18:27  Marine x2  
  139  18:30  Widow Mine  
  141  18:40  Marine x3  
  118  18:41  Orbital Command  
  118  18:42  Orbital Command, Marauder x2  
  118  18:43  Marine  
  118  18:45  Widow Mine  
  118  18:47  Widow Mine  
  118  18:48  Marine  
  124  18:50  Marine  
  124  18:51  Widow Mine  
  120  19:06  Widow Mine  
  120  19:09  Widow Mine  
  124  19:15  Marine x2  
Show
View Real Time Build Order
Export as new Build Order

Serral Zerg - Winner!

Build Orders: Hatch First, Lurkers 

Get SALT Encoding   

  12  0:00  Drone  
  13  0:13  Overlord  
  13  0:17  Drone  
  14  0:31  Drone x2  
  16  0:50  Hatchery  
  16  0:53  Drone  
  17  0:57  Drone  
  17  1:00  Drone  
  18  1:10  Extractor  
  17  1:15  Spawning Pool  
  16  1:19  Drone  
  16  1:22  Drone  
  18  1:28  Drone  
  19  1:39  Drone  
  20  1:50  Drone  
  21  2:02  Queen x2  
  21  2:03  Zergling x4  
  27  2:11  Overlord  
  27  2:12  Drone  
  28  2:27  Hatchery  
  28  2:29  Drone  
  28  2:32  Drone  
  28  2:34  Drone  
  30  2:38  Drone  
  31  2:46  Queen  
  33  2:53  Overlord  
  33  2:55  Drone  
  33  2:57  Drone  
  34  2:59  Drone  
  34  3:03  Pneumatized Carapace  
  35  3:07  Metabolic Boost  
  35  3:12  Drone  
  36  3:13  Drone  
  36  3:15  Drone  
  36  3:17  Drone  
  39  3:21  Overlord  
  39  3:27  Queen  
  39  3:30  Drone  
  39  3:31  Drone  
  43  3:39  Queen  
  43  3:41  Drone x2  
  47  3:47  Drone  
  48  3:52  Spine Crawler  
  48  3:54  Zergling x2  
  48  3:55  Zergling x8  
  52  3:59  Queen  
  54  4:04  Evolution Chamber  
  54  4:07  Evolution Chamber  
  54  4:09  Evolution Chamber  
  51  4:12  Zergling x2  
  51  4:13  Zergling x4  
  54  4:18  Drone  
  54  4:19  Drone  
  54  4:20  Drone x2  
  58  4:25  Baneling Nest  
  58  4:26  Overlord  
  57  4:34  Overlord  
  57  4:37  Queen  
  57  4:40  Spore Crawler  
  57  4:41  Drone  
  57  4:51  Zergling x4  
  57  4:52  Drone  
  57  4:53  Spore Crawler  
  57  4:55  Drone x5  
  57  4:57  Drone  
  61  5:02  Lair  
  61  5:05  Drone x2  
  63  5:08  Drone  
  63  5:09  Drone  
  63  5:11  Baneling x3  
  65  5:14  Zergling x4  
  65  5:20  Queen  
  69  5:21  Drone x2  
  69  5:23  Baneling x2  
  69  5:25  Extractor  
  69  5:26  Extractor  
  69  5:31  Drone x3  
  72  5:36  Drone  
  72  5:38  Drone  
  72  5:41  Overlord  
  74  5:47  Overlord  
  74  5:53  Overlord, Extractor  
  74  5:54  Drone  
  74  6:01  Centrifical Hooks, Drone x5  
  79  6:06  Extractor  
  79  6:07  Drone x2  
  79  6:10  Drone  
  79  6:11  Hatchery, Drone x2  
  82  6:13  Drone  
  83  6:20  Drone  
  83  6:22  Drone  
  83  6:23  Zerg Ground Armor Level 1  
  83  6:24  Drone  
  83  6:25  Overseer  
  86  6:26  Drone x2  
  86  6:27  Drone x2  
  87  6:36  Drone x8  
  94  6:41  Zerg Melee Weapons Level 1  
  94  6:47  Zergling x4  
  96  6:53  Zergling x2  
  97  6:57  Overlord  
  97  6:58  Zergling x2  
  97  7:04  Overlord x2  
  94  7:16  Zergling x18  
  94  7:21  Zergling x2  
  94  7:22  Zergling x2  
  104  7:23  Queen  
  104  7:28  Baneling x3  
  104  7:29  Drone x4  
  110  7:34  Hydralisk Den  
  110  7:35  Overlord x3  
  109  7:38  Baneling  
  109  7:39  Drone x2  
  109  7:40  Overlord  
  109  7:42  Overlord  
  109  7:43  Overlord  
  111  7:46  Baneling  
  111  7:47  Overlord  
  111  7:53  Drone  
  111  7:57  Zergling x12  
  118  8:05  Baneling x3  
  118  8:06  Muscular Augments, Baneling x6  
  118  8:08  Zergling x24  
  118  8:10  Baneling  
  118  8:11  Baneling x7  
  130  8:17  Zergling x8  
  134  8:22  Overseer  
  134  8:25  Overlord  
  134  8:30  Hydralisk  
  134  8:31  Hydralisk x5  
  146  8:36  Hydralisk x2  
  146  8:38  Zerg Melee Weapons Level 2  
  150  8:43  Zerg Ground Armor Level 2  
  150  8:47  Hydralisk x2  
  154  8:54  Hydralisk x2  
  154  8:55  Zergling x12  
  158  9:02  Drone x2  
  157  9:03  Drone x4  
  157  9:04  Overlord  
  157  9:05  Hydralisk x2  
  165  9:12  Overlord  
  165  9:13  Baneling x2  
  165  9:17  Grooved Spines, Infestation Pit  
  164  9:20  Hydralisk x3  
  170  9:28  Overlord  
  167  9:31  Hydralisk x2  
  167  9:32  Zergling x14  
  167  9:38  Hatchery  
  177  9:41  Overlord  
  177  9:44  Overlord  
  177  9:46  Baneling x3  
  177  9:47  Overseer  
  177  9:49  Zergling x14  
  184  9:55  Hive  
  184  9:57  Extractor  
  184  9:58  Drone x3  
  186  10:00  Drone x2  
  186  10:01  Baneling  
  186  10:02  Baneling x2  
  186  10:05  Zergling x4  
  190  10:08  Baneling  
  190  10:09  Baneling x3  
  187  10:20  Zergling x18  
  176  10:27  Zergling x18  
  176  10:28  Overseer  
  185  10:35  Overlord  
  185  10:41  Hydralisk x2  
  185  10:42  Zergling x14  
  192  10:43  Overseer, Baneling x6  
  192  10:44  Baneling x3  
  192  10:45  Baneling x4  
  190  10:52  Queen  
  190  10:55  Baneling x6  
  190  10:56  Zergling x2, Zerg Missile Weapons Level 1  
  190  10:57  Zergling x14  
  200  10:59  Baneling x3  
  189  11:06  Zergling x24  
  196  11:21  Zergling x20  
  196  11:24  Zerg Ground Armor Level 3  
  196  11:26  Drone  
  196  11:30  Viper  
  195  11:34  Drone  
  195  11:35  Zergling x10, Spore Crawler  
  197  11:47  Zergling x2  
  197  11:48  Zergling x2  
  199  11:56  Baneling x6  
  196  12:08  Zergling x38  
  196  12:18  Zergling x16  
  196  12:19  Zergling x2  
  196  12:20  Zergling x2  
  197  12:26  Overseer x2  
  197  12:27  Zergling x2  
  197  12:28  Zergling x2  
  197  12:29  Overseer  
  199  12:36  Burrow, Pathogen Glands  
  199  12:38  Lurker Den  
  199  12:39  Extractor  
  193  12:45  Hydralisk x2  
  193  12:46  Zergling x6  
  193  12:49  Baneling x7  
  196  12:52  Zergling x2  
  196  12:53  Zergling x6  
  200  12:58  Hatchery  
  200  13:03  Baneling x12  
  199  13:09  Zergling x2  
  200  13:19  Baneling x4  
  195  13:26  Zergling x28  
  200  13:30  Zergling x14  
  200  13:34  Zerg Melee Weapons Level 3  
  200  13:35  Baneling x2  
  200  13:37  Seismic Spines  
  200  13:40  Extractor x2  
  198  13:42  Drone x2  
  198  13:47  Baneling x7  
  198  13:48  Baneling x5  
  200  14:01  Zerg Missile Weapons Level 2  
  196  14:03  Extractor  
  196  14:04  Drone  
  196  14:05  Drone x2  
  197  14:10  Lurker x3  
  197  14:16  Drone  
  194  14:19  Lurker x5  
  199  14:29  Baneling  
  197  14:39  Spore Crawler  
  197  14:40  Overseer  
  197  14:41  Baneling x2  
  197  14:44  Baneling x2  
  197  14:45  Baneling  
  196  14:48  Lurker x3  
  196  14:51  Adaptive Talons  
  196  15:00  Zergling x2  
  196  15:01  Zergling x12  
  196  15:05  Zergling x10  
  198  15:13  Zergling x10  
  200  15:20  Zergling x16  
  200  15:21  Zergling x8  
  200  15:27  Hydralisk x2  
  200  15:28  Zergling x34  
  199  15:33  Baneling x12  
  197  15:40  Viper  
  191  15:43  Zergling x22  
  191  15:47  Zergling x12  
  191  15:48  Zergling x2  
  191  15:49  Zergling x2  
  196  16:04  Hatchery, Lurker, Baneling  
  196  16:05  Lurker, Baneling x3  
  196  16:06  Baneling  
  196  16:07  Zergling x6  
  200  16:13  Baneling x10  
  199  16:32  Baneling x4  
  199  16:35  Baneling x15  
  198  16:45  Zergling x2  
  198  16:46  Zergling x22  
  192  16:56  Overseer  
  192  17:00  Viper x2  
  194  17:04  Hydralisk x2  
  194  17:05  Zergling x4  
  187  17:28  Zergling x24  
  187  17:29  Zergling x14  
  192  17:34  Overseer x2  
  182  17:38  Zergling x38  
  182  17:39  Zergling x4  
  192  17:48  Overseer x3  
  192  17:52  Drone x5  
  192  17:54  Baneling x10  
  192  17:56  Drone x3  
  192  17:57  Baneling x5  
  192  17:58  Baneling  
  200  18:00  Baneling x4  
  188  18:18  Zergling x2  
  188  18:19  Zergling x44  
  199  18:24  Zergling x4  
  193  18:34  Zergling x2  
  193  18:35  Zergling x16  
  193  18:40  Zergling x2  
  193  18:41  Zergling x8  
  194  18:46  Baneling x14  
  192  18:48  Hydralisk x3  
  192  18:49  Zergling x2  
  192  18:54  Baneling x10  
  199  19:00  Spore Crawler  
  199  19:01  Baneling x12  
  192  19:05  Zergling x2  
  192  19:06  Zergling x14  
  192  19:08  Baneling x5  
  192  19:09  Baneling x4  
  199  19:15  Zergling x6  
  199  19:16  Zergling x20  
Tags
 
Add a new tag
Caveats
  • Supply blocks, unpowered buildings, or Contaminate may cause inaccurate times.
  • Supply counts are checked every 10 seconds.